 Dungeon Crawl Stone Soup version 0.21.1-1-g345015f (webtiles) character file.

64 zishaf the Conjurer (level 3, -2/26 HPs)
             Began as a Draconian Conjurer on May 15, 2018.
             Slain by a gnoll
             ... wielding a +0 halberd
              (8 damage)
             ... on level 1 of the Dungeon.
             The game lasted 00:03:20 (2340 turns).

zishaf the Conjurer (Draconian Conjurer)            Turns: 2340, Time: 00:03:21

Health: -2/26      AC:  5    Str: 10    XL:     3   Next: 91%
Magic:  3/7        EV: 12    Int: 16    God:
Gold:   15         SH:  0    Dex: 11    Spells: 5/8 levels left

rFire    . . .     SeeInvis .   (no weapon)
rCold    . . .     Gourm    .   (no shield)
rNeg     . . .     Faith    .   (armour unavailable)
rPois    .         Spirit   .   (helmet restricted)
rElec    .         Reflect  .   (no cloak)
rCorr    .         Harm     .   (no gloves)
MR       .....                  (no boots)
Stlth    ++........             (no amulet)
HPRegen  0.08/turn              (no ring)
MPRegen  0.10/turn              (no ring)

@: no status effects
A: unfitting armour, cold-blooded, AC +5
a: no special abilities


You were on level 1 of the Dungeon.
You were hungry.

You visited 1 branch of the dungeon, and saw 2 of its levels.

You collected 15 gold pieces.

Inventory:

Scrolls
 d - a scroll of blinking {unknown}
 e - a scroll of enchant weapon {unknown}
 g - 2 scrolls of remove curse {unknown}
 h - 2 scrolls of magic mapping {unknown}
Potions
 f - a potion of flight {unknown}
 i - 2 potions of heal wounds {unknown}
 j - a potion of brilliance {unknown}
 k - a potion of might {unknown}
Books
 a - a book of Conjurations

   Spells                             Type                      Level
   a - Magic Dart                     Conjuration                  1
   b - Searing Ray                    Conjuration                  2
   c - Dazzling Spray                 Conjuration/Hexes            3
   d - Fulminant Prism                Conjuration/Hexes            4
   e - Force Lance                    Conjuration/Translocation    4
   f - Iskenderun's Mystic Blast      Conjuration                  4
Comestibles
 b - a ration


   Skills:
 - Level 2.0 Dodging
 - Level 2.0 Stealth
 + Level 3.0 Spellcasting
 + Level 4.7 Conjurations


You had 5 spell levels left.
You knew the following spells:

 Your Spells              Type           Power        Failure   Level  Hunger
a - Magic Dart            Conj           ###.         2%          1    #......
b - Searing Ray           Conj           ###...       4%          2    ##.....


Dungeon Overview and Level Annotations

Branches:
Dungeon (2/15)

Altars:
Xom


Innate Abilities, Weirdness & Mutations

Your plain brown scales are hard. (AC +5)
You cannot fit into any form of body armour.
You are cold-blooded and may be slowed by cold attacks.


Message History

The gnoll hits you from afar with a halberd!
You see here a flail.
Casting: Searing Ray
Confirm with . or Enter, or press ? or * to list all spells.
Aiming: Searing Ray
Press: ? - help, Shift-Dir - straight line, f - gnoll
Aim: a gnoll, wielding a halberd The searing ray misses the gnoll.
The searing ray hits the gnoll.
The gnoll is moderately wounded. (Press . to maintain the ray.)
The gnoll hits you.
The searing ray hits the gnoll.
The gnoll is moderately wounded.
The gnoll barely misses you. The gnoll hits you.
* * * LOW HITPOINT WARNING * * *
The searing ray hits the gnoll.
You kill the gnoll!
Your Spellcasting skill increases to level 3!
The gnoll hits you from afar with a halberd!
You die...

........###.## ....##.##
##.## #...#.##
##.######## #...#.#
#........#### #.#.#.##
##.##........# (.#.##.##
##.###.###.##.#
###.###.###.## #g# #.##.#
....# ##...## #†###.##.#
.#### ##'## #@##..##.# .#
##...## #.#....>.# .#
##>....## #........# .#
##.......#####..###.#
.####.........####...##.#
....'.........'....#..#.#
..###.........####...##.#
#.# ##.......## #...##.#
#.# ##.....## ########


You could see a gnoll.

Vanquished Creatures
  3 gnolls
  An adder (D:1)
  A leopard gecko (D:1)
  A bat (D:1)
  4 giant cockroaches
  A goblin (D:1)
  3 hobgoblins (D:1)
  5 kobolds (D:1)
  A ball python (D:1)
  3 frilled lizards
  4 rats (D:1)
27 creatures vanquished.

Notes
Turn   | Place    | Note
-------+----------+-------------------------------------------
     0 | D:1      | zishaf the Draconian Conjurer began the quest for the Orb.
     0 | D:1      | Reached XP level 1. HP: 14/14 MP: 3/3
   612 | D:1      | Reached XP level 2. HP: 17/20 MP: 5/5
   621 | D:1      | Learned a level 2 spell: Searing Ray
  1219 | D:1      | Found a shimmering altar of Xom.
  1676 | D:1      | Reached XP level 3. HP: 11/26 MP: 0/6
  2340 | D:1      | Slain by a gnoll

Skill      XL: |  1  2  3 |
---------------+----------+-----
Stealth        | 2 |  2.0
Dodging        | 2 |  2.0
Spellcasting   | 3 |  3.0
Conjurations   | |  4.7

Action                   || total
-------------------------++-------
Melee: Unarmed           ||   106
       Tailslap          ||    13
 Cast: Magic Dart        ||    23
       Searing Ray       ||     3
 Stab: Sleeping          ||     4
  Eat: Chunk             ||     4
Armor: Skin              ||    33
Dodge: Dodged            ||    79
